 Dungeon Crawl Stone Soup version 0.30-a0-329-g85436e0a43 (webtiles) character file.

Game seed: 929599830182840085

343 themarg the Caller (level 6, -4/41 HPs)
             Began as a Merfolk Summoner on Oct 29, 2022.
             Shot with an arrow by a centaur (5 damage)
             ... on level 5 of the Dungeon.
             The game lasted 00:15:10 (4905 turns).

themarg the Caller (Merfolk Summoner)               Turns: 4905, Time: 00:15:10

Health: -4/41      AC:  2    Str:  8    XL:     6   Next: 57%
Magic:  3/10       EV: 12    Int: 16    God:
Gold:   224        SH:  5    Dex: 15    Spells: 4/11 levels left

rFire   . . .      SeeInvis .    p - +0 spear
rCold   . . .      Faith    .    (no shield)
rNeg    . . .      Spirit   .    a - +0 robe
rPois   .          Reflect  +    (no helmet)
rElec   .          Harm     .    (no cloak)
rCorr   .          Rampage  .    (no gloves)
Will    .....                    (no boots)
Stlth   ++........               j - amulet of reflection
HPRegen 0.26/turn                (no ring)
MPRegen 0.12/turn                (no ring)

@: no status effects
A: (nimble swimmer 2), mertail
a: no special abilities


You were on level 5 of the Dungeon.
You visited 1 branch of the dungeon, and saw 5 of its levels.

You collected 224 gold pieces.

Inventory:

Hand Weapons
 p - a +0 spear (weapon)
Missiles
 e - 21 stones
 k - 2 poisoned darts (quivered)
 v - 4 curare-tipped darts
Armour
 a - a +0 robe (worn)
 o - a +0 helmet
Jewellery
 f - a ring of wizardry
 j - an amulet of reflection (around neck)
Scrolls
 c - a scroll of noise {unknown}
 i - a scroll of immolation {unknown}
 l - a scroll of silence {unknown}
 m - a scroll of magic mapping
 n - a scroll of teleportation
 q - a scroll of enchant armour {unknown}
 r - a scroll of identify {unknown}
 t - 2 scrolls of vulnerability
 u - a scroll of enchant weapon {unknown}
Potions
 b - a potion of magic
 d - 3 potions of attraction {unknown}
 g - 2 potions of curing {unknown}
 h - 2 potions of mutation {unknown}
 s - a potion of berserk rage {unknown}


   Skills:
 - Level 2.6 Dodging
 - Level 3.0 Stealth
 - Level 3.0 Spellcasting
 + Level 7.0 Summonings


You had 4 spell levels left.
You knew the following spells:

 Your Spells              Type           Power      Damage    Failure   Level
a - Summon Small Mammal   Summ           100%       N/A       1%          1
b - Call Canine Familiar  Summ           25%        N/A       3%          3
c - Summon Guardian Gole  Hex/Summ       13%        N/A       13%         3

Your spell library contained the following spells:

 Spells                   Type           Power      Damage    Failure   Level
 Call Imp                 Summ           25%        N/A       1%          2
 Kiss of Death            Conj/Necr      8%         2d6       19%         1
 Blink                    Tloc           4%         N/A       28%         2
 Momentum Strike          Conj/Tloc      4%         3d8       28%         2
 Sublimation of Blood     Necr           2%         N/A       28%         2
 Wereblood                Tmut           2%         N/A       28%         2
 Summon Lightning Spire   Summ/Air       13%        N/A       41%         4
 Confusing Touch          Hex            2%         N/A       50%         3
 Lesser Beckoning         Tloc           4%         N/A       50%         3
 Dispel Undead            Necr           2%         3d7       88%         4
 Summon Hydra             Summ           12%        N/A       100%        7


Dungeon Overview and Level Annotations

Branches:
Dungeon (5/15)
 Temple: D:4-7

Altars:

Annotations:
D:3 1 runed translucent door, Crazy Yiuf
D:5 Menkaure


Innate Abilities, Weirdness & Mutations

((You are very nimble when in or above water. (Stealth+, EV+, Speed+++)))
Your lower body shifts to a powerful aquatic tail in water.


Message History

What are your orders? t - Shout!
Orders for allies: a - Attack new target. r - Retreat! s - Stop attacking. g - Guard the area. f - Follow me.
Anything else - Cancel.
Gang up on whom?
Press: ? - help, Dir - move target, f - Menkaure
Aim: Menkaure (ally target) Attack!
The centaur shouts!
The centaur wields a +0 shortbow.
The centaur shoots an arrow.
The arrow hits your guardian golem!
Menkaure blazes with dark energy!
Menkaure gestures wildly while chanting.
Menkaure seems to speed up.
You hear a shout!
You hear a bark!
The centaur shoots an arrow.
The arrow hits your hound!
The centaur shoots an arrow.
The arrow barely misses you. The arrow barely misses your quokka.
An ogre comes into view. It is wielding a +0 giant club.
Throw: 3 darts (poison)
Press: ? - help, Q - select action, (/) - cycle Shift-Dir - straight line, f/p - Menkaure
Aim: Menkaure (fast, ally target, 73% to hit)
You throw a poisoned dart. The poisoned dart hits Menkaure.
Menkaure hits your quokka!
A hound comes into view.
Your quokka bites Menkaure.
The centaur shoots an arrow.
The arrow hits you!
* * * LOW HITPOINT WARNING * * *
Menkaure calls on the powers of darkness!
Your quokka convulses!
The ogre convulses!
Your hound convulses!
Your body is wracked with pain!
* * * LOW HITPOINT WARNING * * *
The centaur shoots an arrow.
The arrow hits you.
* * * LOW HITPOINT WARNING * * *
Your quokka completely misses Menkaure.
The centaur shoots an arrow.
The arrow hits you.
You die...

.. .....#. #..##..
........
##...#.##.O.M....
.#.........##.....
. ..........M# .
?. .........rr##..
........h......
......9.....##.
.......@.......
#.............. ..
#.>............ #.
###............ h.
##.......$... ..


ch.......... .. ...?......... . ....#......... You could see an ogre, Menkaure
(fast, ally target), a centaur, a hound, a friendly guardian golem (summoned), a
friendly hound (summoned, sheltered) and 2 friendly quokkas.

Vanquished Creatures
  An adder (D:4)
  2 ball pythons
  An endoplasm (D:4)
  2 goblins
  2 kobolds
  A quokka (D:1)
  2 bats (D:1)
  2 frilled lizards
  2 rats
15 creatures vanquished.

Vanquished Creatures (collateral kills)
  Sigmund (D:2)
  Terence (D:2)
  Robin (D:2)
  3 adders
  3 gnolls (D:3)
  A worm (D:3)
  3 dart slugs
  4 orcs
  2 bats (D:1)
  4 endoplasms
  5 giant cockroaches
  11 goblins
  3 hobgoblins
  5 quokkas
  5 ball pythons
  4 frilled lizards
  2 kobolds
  6 rats
64 creatures vanquished.

Grand Total: 79 creatures vanquished

Notes
Turn   | Place    | Note
-------+----------+-------------------------------------------
     0 | D:1      | themarg the Merfolk Summoner began the quest for the Orb.
     0 | D:1      | Reached XP level 1. HP: 13/13 MP: 3/3
   262 | D:1      | Reached XP level 2. HP: 19/19 MP: 1/5
  1055 | D:1      | Reached XP level 3. HP: 24/24 MP: 1/6
  1409 | D:2      | Noticed Terence
  1575 | D:1      | Learned a level 3 spell: Call Canine Familiar
  1716 | D:2      | Noticed Sigmund
  1794 | D:2      | Noticed Robin
  2145 | D:2      | Reached XP level 4. HP: 30/30 MP: 4/8
  2155 | D:2      | Killed Robin
  2546 | D:2      | Killed Sigmund
  2547 | D:2      | Reached skill level 6 in Summonings
  2547 | D:2      | Reached XP level 5. HP: 13/35 MP: 1/9
  2659 | D:2      | Killed Terence
  2660 | D:2      | Reached XP level 6. HP: 33/41 MP: 5/10
  3834 | D:3      | Found a runed translucent door.
  3835 | D:3      | Noticed Crazy Yiuf
  4246 | D:4      | Reached skill level 7 in Summonings
  4784 | D:5      | Entered Level 5 of the Dungeon
  4857 | D:5      | Noticed Menkaure
  4895 | D:4      | Learned a level 3 spell: Summon Guardian Golem
  4905 | D:5      | HP: 1/41 [centaur/arrow (6)]
  4905 | D:5      | Shot with an arrow by a centaur

Illustrated notes

Levels and vault maps discovered:
D:1:      eino_arrival_tree_alley, layout_loops_ring, grunt_decor_one_mirror
D:2:      layout_basic, uniq_robin, uniq_sigmund, uniq_terence
D:3:      layout_basic, minmay_misc_feat_iff, uniq_crazy_yiuf_cottage
D:4:      layout_basic, minmay_fountain_box
D:5:      layout_cave_pools, mainiacjoe_overflow_six_doors_small, serial_shops,
          shop, uniq_menkaure, uniq_blork_the_orc

Skill      XL: |  1  2  3  4  5  6 |
---------------+-------------------+-----
Stealth        | 3 |  3.0
Spellcasting   | 3 |  3.0
Summonings     | 6 7 |  7.0
Dodging        | |  2.6

Action                   |  1- 3 |  4- 6 || total
-------------------------+-------+-------++-------
Melee: Unarmed           |     5 |       ||     5
       Whip              |    32 |     5 ||    37
       Spear             |       |    44 ||    44
       Punch             |       |     2 ||     2
Throw: Dart              |       |     1 ||     1
 Cast: Summon Small Mamm |    58 |    33 ||    91
       Call Canine Famil |     3 |    16 ||    19
       Summon Guardian G |       |     1 ||     1
  Use: Scroll            |       |     3 ||     3
Armor: Robe              |     9 |     2 ||    11
Dodge: Dodged            |    44 |    22 ||    66
Block: Other             |     2 |     4 ||     6

Table legend: (Time is in decaauts)
 A = Elapsed time spent in this place.
 B = Non-inter-level travel time spent in this place.
 C = Inter-level travel time spent in this place.
 D = Time resting spent in this place.
 E = Time spent auto-exploring this place.
 F = Levels seen in this place.
 G = Mean time per level.
                   A        B        C        D        E       F      G
               +--------+--------+--------+--------+--------+-----+--------+
         Total |   4915 |   4546 |    369 |   1129 |   2618 |   5 |  983.0 |
       Dungeon |   4915 |   4546 |    369 |   1129 |   2618 |   5 |  983.0 |
               +--------+--------+--------+--------+--------+-----+--------+

Top non-repeatable levels by time:
     D:1: 1692 daAuts
     D:2: 1220 daAuts
     D:3: 1070 daAuts
     D:4: 918 daAuts
     D:5: 14 daAuts
